 Dungeon Crawl Stone Soup version 0.31-a0-1576-ga3383ba (webtiles) character file.

Game seed: 11635879701684881264

2486 Dorkslayer the Magician (level 9, -7/80 HPs)
             Began as an Oni Conjurer on Jan 4, 2024.
             Was an Initiate of Vehumet.
             Mangled by a two-headed ogre
             ... wielding a +0 giant spiked club
              (8 damage)
             ... on level 7 of the Dungeon.
             The game lasted 00:24:22 (7477 turns).

Dorkslayer the Magician (Oni Conjurer)              Turns: 7477, Time: 00:24:23

Health: -7/80      AC:  8    Str: 13    XL:     9   Next: 52%
Magic:  5/18       EV: 10    Int: 19    God:    Vehumet [......]
Gold:   856        SH:  0    Dex:  9    Spells: 11/20 levels left

rFire   . . .        g - +0 short sword
rCold   . . .        (no shield)
rNeg    + . .        h - +0 steam dragon scales
rPois   .            (helmet currently unavailable)
rElec   .            (cloak currently unavailable)
rCorr   .            (gloves unavailable)
SInv    .            (boots unavailable)
Will    .....        (no amulet)
Stlth   ++           p - ring of positive energy
HPRegen 0.33/turn    (no ring)
MPRegen 0.16/turn

%: no passive effects
@: brilliant, beast-form
A: beast (slay +2), large, unfitting armour, horns 1, tough skin 1, double
potion healing, drunken brawling, iridescent scales 1, clumsy 1, screaming 1
a: Begin Untransformation, Renounce Religion


You were on level 7 of the Dungeon.
You worshipped Vehumet.
Vehumet was noncommittal.
You were a hulking beast.
You visited 2 branches of the dungeon, and saw 8 of its levels.

You collected 856 gold pieces.

Inventory:

Hand Weapons
 d - a +0 dagger
 g - a +0 short sword (weapon)
Missiles
 i - 6 atropa-tipped darts
 k - a throwing net
Armour
 h - +0 steam dragon scales (worn)
 l - a +0 cloak
Jewellery
 p - a ring of positive energy (left hand)
Talismans
 c - a beast talisman (active)
Wands
 e - a wand of paralysis (5)
 r - a wand of digging (4)
Scrolls
 a - 2 scrolls of blinking
 m - 3 scrolls of teleportation
 n - a scroll of fog
 q - 2 scrolls of enchant weapon {unknown}
 u - a scroll of revelation
Potions
 b - a potion of magic
 f - a potion of curing
 j - a potion of attraction
 s - a potion of ambrosia {unknown}
 t - a potion of enlightenment {unknown}


   Skills:
 + Level 2.9 Fighting
 + Level 2.9 Short Blades
 + Level 1.1 Throwing
 + Level 3.5 Dodging
 + Level 3.1 Stealth
 + Level 0.4 Unarmed Combat
 * Level 6.0 Spellcasting
 + Level 5.1 Conjurations
 * Level 1.5 Translocations
 * Level 3.7 Air Magic
 * Level 3.0 Alchemy
 * Level 3.1 Evocations
 * Level 3.5 Shapeshifting


You had 11 spell levels left.
You knew the following spells:

 Your Spells              Type           Power      Damage    Failure   Level
a - Magic Dart            Conj           100%       1d8       1%          1
b - Searing Ray           Conj           74%        2d7       1%          2
c - Mercury Vapours       Alch/Air       56%        N/A       4%          2
d - Iskenderun's Mystic   Conj/Tloc      27%        2d7       28%         4

Your spell library contained the following spells:

 Spells                   Type           Power      Damage    Failure   Level
 Sting                    Conj/Alch      100%       1d9       1%          1
 Fulminant Prism          Conj/Alch      15%        3d10      21%         4
 Olgreb's Toxic Radiance  Alch           26%        N/A       32%         4
 Vhi's Electric Charge    Tloc/Air       46%        N/A       36%         4
 Arcjolt                  Conj/Air       16%        1d26      45%         5
 Plasma Beam              Fire/Air       9%         2x1d20    100%        6


Dungeon Overview and Level Annotations

Branches:
Dungeon (7/15)             Temple (1/1) D:6

Altars:
Ashenzari
Cheibriados
Fedhas
Gozag
Hepliaklqana
Kikubaaqudgha
Makhleb
Nemelex Xobeh
Okawaru
Ru
Sif Muna
Trog
Uskayaw
Vehumet
Wu Jian
Xom
Zin
The Shining One


Innate Abilities, Weirdness & Mutations

You are a hulking beast.
Your limbs bulge with bestial killing power. (Slay +2)
You are too large for most types of armour.
You have a pair of small horns on your head.
You have tough skin. (AC +1)
You gain doubled healing and magic from potions.
Whenever you drink a healing potion, you attack all around you.
You are partially covered in iridescent scales. (AC +2)
You are clumsy. (Dex -2)
You occasionally shout uncontrollably at your foes.


Message History

The two-headed ogre hits you with a +0 giant spiked club!!
The two-headed ogre barely misses you.
The searing ray misses the two-headed ogre.
The searing ray hits the manticore!
The manticore is almost dead.
The two-headed ogre hits you with a +0 giant spiked club!
The two-headed ogre barely misses you.
The searing ray hits the two-headed ogre!
The two-headed ogre is heavily wounded.
The searing ray hits the manticore!
The manticore is almost dead.
You finish channelling your searing ray.
The manticore is no longer moving slowly.
Okay, then.
Casting: Searing Ray (safe; 2% risk of failure)
Confirm with . or Enter, or press ? or * to list all spells.
Aiming: Searing Ray (safe; 2% risk of failure)
Press: ? - help, Shift-Dir - straight line, f/p - two-headed ogre
Aim: a two-headed ogre, wielding a +0 giant spiked club and a +0 giant club (heavily wounded, poisoned, weak, 91% to hit)
You feel a surge of power!
The searing ray hits the two-headed ogre.
The two-headed ogre is severely wounded.
The searing ray hits the manticore!
You kill the manticore!
Vehumet accepts your kill. (Press . to maintain the ray.)
The two-headed ogre hits you with a +0 giant spiked club!
The two-headed ogre hits you with a +0 giant club!
* * * LOW HITPOINT WARNING * * *
Your Spellcasting skill increases to level 6!
Your Alchemy skill increases to level 3!
Your Evocations skill increases to level 3!
The searing ray hits the two-headed ogre.
The two-headed ogre is severely wounded.
The searing ray hits the vampire mosquito!
The vampire mosquito is heavily damaged.
The two-headed ogre hits you with a +0 giant spiked club!!
* * * LOW HITPOINT WARNING * * *
The two-headed ogre hits you with a +0 giant club!
You die...

####. .....# ......
##....###########
.................
#.......<####..##
#.####..## ###.#######
.........###.........#
.###+###..#..###h###..#
##...## #O# ##.##


Oyl ### ##.## #.# ... .⌠. ... You could see 2 two-headed ogres, a komodo dragon
(weak) and a vampire mosquito.

Vanquished Creatures
  A manticore (D:7)
  Sigmund (D:5)
  A steam dragon (D:6)
  Edmund (D:5)
  An ice beast (D:5)
  2 ogres
  A black bear (D:6)
  2 centaurs (D:5)
  A phantom (D:6)
  2 bullfrogs (D:6)
  3 scorpions
  6 hounds
  2 bombardier beetles
  A gnoll bouda (D:6)
  Ijyb (D:3)
  A sleepcap (D:6)
  2 iguanas
  5 orc wizards
  4 gnolls (D:6)
  11 adders
  A white imp (D:6)
  2 ufetubi (D:5)
  3 ribbon worms
  15 orcs
  4 bats
  9 endoplasms
  7 giant cockroaches
  8 goblins
  12 hobgoblins
  A jackal (D:2)
  5 quokkas
  6 ball pythons
  3 frilled lizards
  6 kobolds
  6 rats
137 creatures vanquished.

Notes
Turn   | Place    | Note
-------+----------+-------------------------------------------
     0 | D:1      | Dorkslayer the Oni Conjurer began the quest for the Orb.
     0 | D:1      | Reached XP level 1. HP: 16/16 MP: 3/3
   256 | D:1      | Reached XP level 2. HP: 15/24 MP: 3/5
   594 | D:1      | Found a faded altar of an unknown god.
   735 | D:1      | Reached XP level 3. HP: 31/31 MP: 4/6
  1374 | D:2      | Found a sacrificial altar of Ru.
  1492 | D:2      | Reached skill level 3 in Spellcasting
  1492 | D:2      | Reached skill level 1 in Shapeshifting
  1492 | D:2      | Reached XP level 4. HP: 39/39 MP: 4/8
  1610 | D:2      | Reached skill level 1 in Short Blades
  1938 | D:2      | Learned a level 2 spell: Searing Ray
  2076 | D:2      | Learned a level 2 spell: Mercury Vapours
  2447 | D:3      | Identified a scroll of acquirement
  2447 | D:3      | Acquired a book of Lightning
  2454 | D:3      | Learned a level 4 spell: Iskenderun's Mystic Blast
  2485 | D:3      | Reached XP level 5. HP: 35/46 MP: 5/9
  2507 | D:3      | Gained mutation: You occasionally shout uncontrollably at
                  | your foes. [potion of mutation]
  2507 | D:3      | Gained mutation: You are clumsy. (Dex -2) [potion of
                  | mutation]
  2507 | D:3      | Gained mutation: You are partially covered in iridescent
                  | scales. (AC +2) [potion of mutation]
  2801 | D:3      | Noticed Ijyb
  2812 | D:3      | Paralysed by Ijyb for 3 turns
  2823 | D:3      | Paralysed by Ijyb for 5 turns
  2839 | D:3      | Paralysed by Ijyb for 3 turns
  2843 | D:3      | Killed Ijyb
  3059 | D:3      | Reached XP level 6. HP: 46/54 MP: 11/11
  3201 | D:3      | Found a sacrificial altar of Ru.
  3891 | D:4      | Reached skill level 4 in Spellcasting
  3891 | D:4      | Reached skill level 1 in Air Magic
  4138 | D:4      | Found a hide-covered altar of Uskayaw.
  4334 | D:5      | Entered Level 5 of the Dungeon
  4356 | D:5      | Reached skill level 1 in Fighting
  4356 | D:5      | Reached skill level 1 in Alchemy
  4518 | D:5      | Reached XP level 7. HP: 48/62 MP: 13/13
  4583 | D:5      | Acquired 602 gold pieces
  4695 | D:5      | Noticed Sigmund
  4710 | D:5      | Reached skill level 1 in Evocations
  4718 | D:5      | Killed Sigmund
  4948 | D:5      | Reached skill level 5 in Spellcasting
  5012 | D:5      | Found an ornate altar of the Wu Jian Council.
  5036 | D:5      | Reached XP level 8. HP: 70/70 MP: 10/15
  5090 | D:5      | Reached skill level 1 in Throwing
  5480 | D:5      | Noticed Edmund
  5497 | D:5      | Killed Edmund
  5945 | D:5      | Found a burning altar of Makhleb.
  6319 | D:6      | Found a staircase to the Ecumenical Temple.
  6330 | Temple   | Entered the Ecumenical Temple
  6436 | Temple   | Became a worshipper of Vehumet
  6551 | D:6      | Reached skill level 5 in Conjurations
  6551 | D:6      | Reached XP level 9. HP: 41/80 MP: 5/17
  6737 | D:6      | Reached skill level 1 in Translocations
  7459 | D:7      | Noticed a two-headed ogre
  7459 | D:7      | Noticed a manticore
  7459 | D:7      | Noticed a manticore
  7461 | D:7      | Noticed a komodo dragon
  7461 | D:7      | Noticed a two-headed ogre
  7476 | D:7      | Killed a manticore
  7477 | D:7      | Reached skill level 6 in Spellcasting
  7477 | D:7      | HP: 1/80 [two-headed ogre/+0 giant spiked club (18)]
  7477 | D:7      | Mangled by a two-headed ogre

Illustrated notes

Levels and vault maps discovered:
D:1:      nagdon_arrival_zigzag_paths, layout_basic,
          nicolae_ecumenical_snake_handling
D:2:      minmay_recursive_quarters, layout_basic, basic_altar,
          minmay_misc_feat_hallway
D:3:      layout_loops_ring, nicolae_ru_awakened_eye, uniq_ijyb
D:4:      layout_rooms, lemuel_round_altar
D:5:      layout_basic, nicolae_wu_jian_wuxing_cycle, kennysheep_mini,
          uniq_edmund, uniq_sigmund
D:6:      layout_rooms, minmay_temple_entry_crystal_x
D:7:      minmay_the_grid_octo_2x2 [minmay_the_grid_octo_thin_diamonds,
          minmay_the_grid_octo_odd_swirl, minmay_the_grid_octo_focus,
          minmay_the_grid_octo_prize_square_snowflake], layout_basic,
          nicolae_overflow_crystal_walls, minmay_misc_feat_roman,
          kennysheep_generic_room_10
Temple:   nicolae_temple_superstar

Skill      XL: |  1  2  3  4  5  6  7  8  9 |
---------------+----------------------------+-----
Conjurations   | 4 5 |  5.1
Spellcasting   | 3 4 5 6 |  6.0
Shapeshifting  | 1 2 3 |  3.5
Short Blades   | 1 2 |  2.9
Dodging        | 2 3 |  3.5
Air Magic      | 1 2 3 |  3.7
Fighting       | 1 2 |  2.9
Stealth        | 2 3 |  3.1
Alchemy        | 1 2 3 |  3.0
Evocations     | 1 2 3 |  3.1
Throwing       | 1 |  1.1
Translocations | 1 |  1.5
Unarmed Combat | |  0.4

Action                     |  1- 3 |  4- 6 |  7- 9 || total
---------------------------+-------+-------+-------++-------
  Melee: Unarmed           |    24 |       |       ||    24
         Headbutt          |     8 |    17 |    17 ||    42
         Dagger            |    14 |       |       ||    14
         Short sword       |    26 |   128 |   107 ||   261
         Punch             |       |     2 |     2 ||     4
  Throw: Dart              |       |     3 |    12 ||    15
   Cast: Magic Dart        |    53 |    84 |    48 ||   185
         Searing Ray       |       |    11 |    36 ||    47
         Mercury Vapours   |       |     2 |     5 ||     7
  Evoke: Wand              |       |       |     5 ||     5
    Use: Scroll            |       |     5 |     6 ||    11
         Potion            |       |     3 |     5 ||     8
   Stab: Paralysed         |       |       |    18 ||    18
 Armour: Robe              |    38 |   140 |   121 ||   299
         Steam dragon scal |       |       |    73 ||    73
  Dodge: Dodged            |    31 |    61 |   124 ||   216
   Form: Beast             |     1 |       |       ||     1

Table legend: (Time is in decaauts)
 A = Elapsed time spent in this place.
 B = Non-inter-level travel time spent in this place.
 C = Inter-level travel time spent in this place.
 D = Time resting spent in this place.
 E = Time spent auto-exploring this place.
 F = Levels seen in this place.
 G = Mean time per level.
                   A        B        C        D        E       F      G
               +--------+--------+--------+--------+--------+-----+--------+
         Total |   7457 |   7457 |      0 |    195 |   5610 |   8 |  932.1 |
       Dungeon |   7325 |   7325 |      0 |    195 |   5610 |   7 | 1046.4 |
        Temple |    131 |    131 |      0 |      0 |      0 |   1 |  131.0 |
               +--------+--------+--------+--------+--------+-----+--------+

Top non-repeatable levels by time:
     D:5: 1749 daAuts
     D:1: 1372 daAuts
     D:3: 1250 daAuts
     D:6: 1211 daAuts
     D:2: 1046 daAuts
     D:4: 658 daAuts
  Temple: 131 daAuts
     D:7: 35 daAuts
